 Dungeon Crawl Stone Soup version 0.24-a0-57-gac335f2 (webtiles) character file.

Game seed: 11378863766014752998

1534 Amnesiac the Slicer (level 8, -2/39 HPs)
             Began as a Vine Stalker Monk on Feb 5, 2019.
             Slain by a two-headed ogre
             ... wielding a +0 giant spiked club
              (15 damage)
             ... on level 5 of the Dungeon.
             The game lasted 00:05:26 (3385 turns).

Amnesiac the Slicer (Vine Stalker Monk)             Turns: 3385, Time: 00:05:26

Health: -2/39      AC:  5    Str: 17    XL:     8   Next: 86%
Magic:  0/14       EV: 12    Int: 10    God:
Gold:   137        SH:  0    Dex: 16    Spells: 12/13 levels left

rFire    . . .     SeeInvis .   a - +4 dagger (elec)
rCold    . . .     Gourm    .   (no shield)
rNeg     + + .     Faith    .   j - +0 ring mail
rPois    .         Spirit   +   (no helmet)
rElec    .         Reflect  .   (no cloak)
rCorr    .         Harm     .   (no gloves)
MR       +....                  (no boots)
Stlth    ++........             u - amulet of the acrobat
HPRegen  0.53/turn              o - ring of positive energy
MPRegen  0.14/turn              q - ring of positive energy

@: no status effects
A: fangs 3, regeneration 1, magic shield, antimagic bite, no potion heal 3, rot
immunity
a: no special abilities


You were on level 5 of the Dungeon.
You were not hungry.

You visited 1 branch of the dungeon, and saw 5 of its levels.

You collected 306 gold pieces.
You spent 169 gold pieces at shops.

Inventory:

Hand Weapons
 a - a +4 dagger of electrocution (weapon)
Missiles
 t - 5 curare-tipped needles
Armour
 j - a +0 ring mail (worn)
Jewellery
 o - a ring of positive energy (left hand)
 q - a ring of positive energy (right hand)
 u - an amulet of the acrobat (around neck)
Wands
 m - a wand of flame (13)
 p - a wand of random effects (39)
Scrolls
 d - 2 scrolls of remove curse {!r, unknown}
 g - 2 scrolls of teleportation {!r}
 i - 2 scrolls of enchant armour {!r}
 n - a scroll of magic mapping {!r}
 r - a scroll of enchant weapon {!r}
 w - 2 scrolls of fear {!r, unknown}
 x - a scroll of blinking {!r, unknown}
Potions
 b - 2 potions of invisibility {!q}
 e - a potion of lignification {!q, unknown}
 f - 4 potions of flight {!q}
 k - 2 potions of curing {!q}
 l - a potion of brilliance {!q, unknown}
 s - a potion of magic {!q, unknown}
 v - a potion of resistance {!q, unknown}
 A - a potion of berserk rage {!q}
 B - a potion of agility {!q}
Comestibles
 c - 7 rations
 h - 12 chunks of flesh


   Skills:
 - Level 2.6 Fighting
 - Level 8.0 Short Blades
 - Level 2.6 Armour
 - Level 2.6 Dodging
 - Level 2.4 Stealth
 + Level 3.3 Spellcasting
 + Level 3.9 Evocations


You had 12 spell levels left.
You knew the following spells:

 Your Spells              Type           Power        Failure   Level  Hunger
z - Confusing Touch       Hex            #.....       43%         1    #......

Your spell library contained the following spells:

 Spells                   Type           Power        Failure   Level  Hunger
 Summon Small Mammal      Summ           #...         43%         1    #......
 Call Imp                 Summ           #.......     58%         2    ###....
 Call Canine Familiar     Summ           #.......     82%         3    ###....
 Confuse                  Hex            #.......     82%         3    ###....
 Gell's Gravitas          Tloc           #.........   82%         3    ###....
 Summon Guardian Golem    Hex/Summ       #.......     82%         3    ###....
 Petrify                  Tmut/Erth      #.......     99%         4    #####..
 Summon Ice Beast         Ice/Summ       #.......     99%         4    #####..
 Summon Lightning Spire   Summ/Air       #.......     99%         4    #####..
 Metabolic Englaciation   Hex/Ice        #.........   100%        5    ######.
 Yara's Violent Unravell  Hex/Tmut       #.........   100%        5    ######.


Dungeon Overview and Level Annotations

Branches:
Dungeon (5/15)
 Temple: D:4-7

Altars:
Gozag
Nemelex Xobeh
Ru
Wu Jian
The Shining One

Shops:
D:5 !


Innate Abilities, Weirdness & Mutations

You have razor-sharp teeth.
Your natural rate of healing is unusually fast.
When hurt, damage is shared between your health and your magic reserves.
Your bite disrupts and absorbs the magic of your enemies.
Potions cannot restore your health.
You are immune to rotting.


Message History

The ogre is lightly wounded.
The ogre barely misses you.
An ogre is nearby!
You hit the ogre. Lightning courses through the ogre!
The ogre is severely wounded.
A bullfrog skeleton comes into view.
You barely miss the ogre. You bite the ogre!
You kill the ogre!
Your Spellcasting skill increases to level 3!
The bullfrog skeleton hits you.
You hit the bullfrog skeleton.
The bullfrog skeleton is moderately damaged.
The bullfrog skeleton hits you but does no damage.
You puncture the bullfrog skeleton!
Lightning courses through the bullfrog skeleton!
You destroy the bullfrog skeleton!
No target in view!
No target in view!
No target in view!
Things that are here:
a +0 giant club; an ogre corpse No target in view!
You butcher the ogre corpse.
h - 18 chunks of flesh (gained 4)
Things that are here:
a +0 giant club; an ogre skeleton
Things that are here:
a +0 giant club; an ogre skeleton Magic restored.
There is a stone staircase leading up here.
Key pressed, stopping explore.
No target in view!
You now have 137 gold pieces (gained 10).
Found a stone staircase leading up.
No target in view!
Some of the chunks of flesh in your inventory have rotted away.
A two-headed ogre comes into view.
It is wielding a +0 giant spiked club and a +0 giant club.
A two-headed ogre is nearby!
A two-headed ogre is nearby!
The two-headed ogre hits you with a +0 giant spiked club.
The two-headed ogre misses you.
You hit the two-headed ogre. You bite the two-headed ogre! You drain its power.
You feel invigorated.
The two-headed ogre is lightly wounded.
The two-headed ogre hits you with a +0 giant spiked club.
The two-headed ogre hits you with a +0 giant club.
You puncture the two-headed ogre!
Lightning courses through the two-headed ogre!
The two-headed ogre is heavily wounded.
You puncture the two-headed ogre!
The two-headed ogre is severely wounded.
You hit the two-headed ogre.
The two-headed ogre is severely wounded.
The two-headed ogre hits you with a +0 giant spiked club!!
* * * LOW HITPOINT WARNING * * *
The two-headed ogre hits you with a +0 giant club.
* * * LOW HITPOINT WARNING * * *
You hit the two-headed ogre.
Lightning courses through the two-headed ogre!
The two-headed ogre is severely wounded.
You hit the two-headed ogre.
The two-headed ogre is almost dead.
The two-headed ogre hits you with a +0 giant spiked club!!
You die...

.....###.#....#####...<..##
..............# #......###
....#.........# #......# ..
....#........####......# ..
.#............#...........
#.
.#................#++#....
.. .#...............##
#..#. ..
.##..............## ..# #.
#.............@.# .. ..
#.............O..# ..
.##.......... ..
#...........# #.
#............ ..
..........#... .
........#####.# .........
.#


You could see a two-headed ogre.

Vanquished Creatures
  Grinder (D:3)
  Sigmund (D:2)
  A phantom (D:5)
  2 ogres (D:5)
  2 centaurs
  A crocodile (D:5)
  A scorpion (D:3)
  4 hounds (D:4)
  A bullfrog skeleton (D:5)
  3 orc priests
  2 orc wizards
  A worker ant (D:4)
  A hound zombie (D:5)
  A hound skeleton (D:4)
  6 gnolls (D:5)
  9 adders
  2 shadow imps (D:5)
  An ooze (D:1)
  3 worms
  3 dart slugs
  3 leopard geckos
  25 orcs
  5 bats
  5 giant cockroaches
  6 goblins
  9 hobgoblins
  6 jackals
  2 quokkas
  6 frilled lizards
  15 kobolds
  A leopard gecko skeleton (D:4)
  10 rats
139 creatures vanquished.

Notes
Turn   | Place    | Note
-------+----------+-------------------------------------------
     0 | D:1      | Amnesiac the Vine Stalker Monk began the quest for the Orb.
     0 | D:1      | Reached XP level 1. HP: 11/11 MP: 2/2
    13 | D:1      | Reached skill level 3 in Short Blades
    17 | D:1      | Reached XP level 2. HP: 10/16 MP: 3/3
   258 | D:1      | Reached XP level 3. HP: 11/19 MP: 2/4
   405 | D:2      | Noticed Sigmund
   636 | D:2      | Found a sacrificial altar of Ru.
   712 | D:2      | Reached skill level 4 in Short Blades
   932 | D:2      | Gained mutation: Your natural rate of healing is unusually
                  | fast. [Vine Stalker growth]
   932 | D:2      | Reached XP level 4. HP: 16/23 MP: 3/5
  1069 | D:2      | Killed Sigmund
  1069 | D:2      | Reached skill level 5 in Short Blades
  1069 | D:2      | Reached XP level 5. HP: 27/27 MP: 6/6
  1098 | D:2      | Reached XP level 6. HP: 32/32 MP: 7/7
  1384 | D:2      | Reached skill level 6 in Short Blades
  1759 | D:3      | Noticed Grinder
  1781 | D:3      | Killed Grinder
  1781 | D:3      | Reached skill level 7 in Short Blades
  1781 | D:3      | Reached XP level 7. HP: 14/35 MP: 3/8
  2413 | D:3      | Found a glowing golden altar of the Shining One.
  2413 | D:3      | Found an ornate altar of the Wu Jian Council.
  2569 | D:4      | Reached skill level 1 in Armour
  2593 | D:4      | Reached skill level 8 in Short Blades
  2671 | D:4      | Gained mutation: You have razor-sharp teeth. [Vine Stalker
                  | growth]
  2671 | D:4      | Reached XP level 8. HP: 20/39 MP: 9/9
  2821 | D:4      | Learned a level 1 spell: Confusing Touch
  2946 | D:4      | Found an opulent altar of Gozag.
  2947 | D:4      | Found a sparkling altar of Nemelex Xobeh.
  3092 | D:5      | Entered Level 5 of the Dungeon
  3105 | D:5      | Reached skill level 1 in Evocations
  3195 | D:5      | Reached skill level 1 in Spellcasting
  3237 | D:5      | Found Teeck's Distillery.
  3285 | D:5      | Bought a potion of degeneration for 13 gold pieces
  3285 | D:5      | Bought a potion of berserk rage for 65 gold pieces
  3285 | D:5      | Bought a potion of flight for 39 gold pieces
  3285 | D:5      | Bought a potion of agility for 52 gold pieces
  3376 | D:5      | Noticed a two-headed ogre
  3385 | D:5      | Slain by a two-headed ogre

Vault maps used:
D:1:      minmay_arrival_three_doors, nrook_mini_backslash
D:2:      hangedman_ru_absence, uniq_sigmund
D:3:      amethyst_overflow_temple_binary, uniq_grinder
D:4:      grunt_temple_overflow_opulence, first_ration
D:5:      serial_gnoll_camp, gnoll_camp_mini_house, gnoll_camp_mini_hut,
          gnoll_camp_mini_shop, gnoll_camp_mini_house, gnoll_camp_mini_hut

Skill      XL: |  1  2  3  4  5  6  7  8 |
---------------+-------------------------+-----
Short Blades   | 3 4 5 7 8 |  8.0
Armour         | 2 |  2.6
Evocations     | 3 |  3.9
Spellcasting   | 3 |  3.3
Fighting       | |  2.6
Dodging        | |  2.6
Stealth        | |  2.4

Action                   |  1- 3 |  4- 6 |  7- 9 || total
-------------------------+-------+-------+-------++-------
Melee: Short sword       |    46 |       |       ||    46
       Bite              |    18 |    17 |    67 ||   102
       Dagger            |    37 |    68 |   231 ||   336
  Use: Scroll            |       |     3 |     4 ||     7
 Stab: Sleeping          |     2 |       |     2 ||     4
       Distracted        |       |     1 |       ||     1
  Eat: Chunk             |       |     3 |     5 ||     8
Armor: Robe              |     3 |       |       ||     3
       Ring mail         |     6 |    14 |    36 ||    56
Dodge: Dodged            |    46 |    22 |   114 ||   182

Table legend:
 A = Non-vault XP
 B = Vault XP
 C = Vault XP percentage of total XP
 D = Non-vault monster count
 E = Vault monster count
 F = Vault count percentage of total count
                 A         B        C        D         E       F
            +---------+---------+-------+---------+---------+-------
      Total |    1603 |     589 |  26.9 |     131 |       8 |   5.8
            +---------+---------+-------+---------+---------+-------
        D:1 |      37 |       0 |   0.0 |      19 |       0 |   0.0
        D:2 |      76 |     227 |  74.9 |      27 |       1 |   3.6
        D:3 |     255 |     277 |  52.1 |      43 |       1 |   2.3
        D:4 |     477 |       0 |   0.0 |      23 |       0 |   0.0
        D:5 |     758 |      85 |  10.1 |      19 |       6 |  24.0
            +---------+---------+-------+---------+---------+-------
